 Dungeon Crawl Stone Soup version 0.25-a0-571-gb5e01bddfa (webtiles) character file.

Game seed: 13835601123449159365, levelgen mode: classic

221277 EnegeticOcto the Champion of Chaos (level 18, -5/177 HPs)
             Began as a Deep Dwarf Fighter on Feb 29, 2020.
             Was the Champion of Makhleb.
             Slain by an acid blob (22 damage)
             ... on level 2 of the Pits of Slime.
             The game lasted 00:18:07 (18096 turns).

EnegeticOcto the Champion of Chaos (DDFi)          Turns: 18096, Time: 00:18:08

Health: -5/177     AC:  0    Str: 31    XL:     18   Next: 6%
Magic:  13/13      EV: 18    Int:  9    God:    Makhleb [******]
Gold:   1778       SH: 19    Dex: 12    Spells: 17/17 levels left

rFire    . . .     SeeInvis .   a - +3 broad axe (vorpal)
rCold    . . .     Gourm    .   c - +0 kite shield
rNeg     + . .     Faith    .   H - +0 acid dragon scales
rPois    +         Spirit   .   p - +2 helmet
rElec    .         Reflect  +   D - +1 cloak
rCorr    +         Harm     .   j - +2 pair of gloves {Str+3}
MR       ++...                  (no boots)
Stlth    +.........             M - +5 amulet of reflection
HPRegen  0.00/turn              i - +3 ring of slaying {=R}
MPRegen  0.13/turn              f - ring of poison resistance

@: corroded, non-regenerating
A: damage resistance, heal wounds, negative energy resistance 1, sense
surroundings 3, no regeneration
}: 2/15 runes: decaying, serpentine
a: Heal Wounds, Minor Destruction, Lesser Servant of Makhleb, Major Destruction,
Greater Servant of Makhleb, Renounce Religion


You were on level 2 of the Pits of Slime.
You worshipped Makhleb.
Makhleb was exalted by your worship.
You were very full.

You visited 8 branches of the dungeon, and saw 35 of its levels.

You collected 2435 gold pieces.
You spent 657 gold pieces at shops.

Inventory:

Hand Weapons
 a - a +3 vorpal broad axe (weapon)
 C - the +1 war axe of Asihabb {elec, rPois MR+ Str+4}
   (You bought it in a shop on level 8 of the Dungeon)

   Occasionally, upon striking a foe, it will discharge some electrical energy
   and cause terrible harm.
   It affects your strength (+4).
   It protects you from poison.
   It affects your resistance to hostile enchantments.
Missiles
 h - 2 throwing nets (quivered)
Armour
 c - a +0 kite shield (worn)
 j - a +2 pair of gloves of strength (worn)
 p - a +2 helmet (worn)
 D - a +1 cloak (worn)
 F - a +3 plate armour
 H - +0 acid dragon scales (worn)
 O - a +2 plate armour of cold resistance
Jewellery
 f - a ring of poison resistance (right hand)
 i - a +3 ring of slaying (left hand) {=R}
 K - an uncursed ring of flight
 M - a +5 amulet of reflection (around neck)
Wands
 g - a wand of flame (9)
 r - a wand of iceblast (17)
 w - a wand of acid (9) {@v1}
 A - a wand of scattershot (4)
 B - a wand of clouds (5)
 J - a wand of polymorph (10)
 R - a wand of paralysis (23)
Scrolls
 o - 6 scrolls of teleportation {@r2}
 u - 3 scrolls of identify {@r1}
 x - 4 scrolls of remove curse {@r6}
 y - 3 scrolls of magic mapping {@r5}
 z - 2 scrolls of fear
 E - 3 scrolls of immolation {@r4}
 I - 2 scrolls of fog
Potions
 d - 11 potions of curing {@q1}
 k - 8 potions of might {@q3}
 l - 7 potions of lignification {@q7}
 m - a potion of resistance {@q6}
 n - 3 potions of haste {@q4}
 q - a potion of ambrosia
 s - 2 potions of invisibility
 t - 3 potions of flight
 v - a potion of berserk rage
 G - 5 potions of magic
 L - 3 potions of cancellation
 N - a potion of mutation
 P - 7 potions of heal wounds {@q2}
Miscellaneous
 b - a lamp of fire
Comestibles
 e - 41 rations


   Skills:
 * Level 14.9 Fighting
 * Level 17.0 Axes
 + Level 12.9 Armour
 + Level 12.6 Dodging
 + Level 13.0 Shields
 * Level 17.5 Invocations


You had 17 spell levels left.
You didn't know any spells.
Your spell library was empty.

Dungeon Overview and Level Annotations

Branches:
Dungeon (14/15)            Temple (1/1) D:4            Lair (6/6) D:11
  Swamp (4/4) Lair:2        Snake (4/4) Lair:3        Slime (2/5) Lair:6
    Orc (2/2) D:12            Elf (0/3) Orc:2        Vaults (2/5) D:13
  Crypt: Vaults:2-3

Altars:
Ashenzari
Cheibriados
Dithmenos
Elyvilon
Fedhas
Gozag
Hepliaklqana
Kikubaaqudgha
Makhleb
Nemelex Xobeh
Okawaru
Qazlal
Ru
Sif Muna
Trog
Uskayaw
Vehumet
Wu Jian
Xom
Yredelemnul
Zin
The Shining One

Shops:
D:7 [?(}   D:8 ([   D:9 *   Orc:2 !(!(

Portals:
Trove: D:13 (give +4 shadow dragon scales)

Annotations:
D:7 2 transporters, kae's ghost, novice FeEn


Innate Abilities, Weirdness & Mutations

You are resistant to damage.
You can heal yourself by infusing magical energy.
You resist negative energy. (rN+)
You passively map a large area around you.
You do not regenerate.


Message History

Your shield and acid dragon scales prevent you from hitting the acid blob.
The acid blob is heavily wounded.
You barely miss the slime creature.
You hit the large slime creature but do no damage.
You slash the acid blob!
Your hands burn!
The acid blob hits you!!
You are splashed with acid.
You resist. You block the acid blob's attack.
The slime creature closely misses you.
A large slime creature splits.
You slash the slime creature!
The slime creature is severely wounded.
You slash the slime creature! You hit the acid blob but do no damage.
Your hands burn!
You slice the acid blob!!
Your hands burn!
You slice the slime creature!! You block the acid blob's attack.
The acid blob spits acid at you. The splash of acid hits you. You resist.
The acid corrodes you!
You are splashed with acid.
You resist.
A demon appears!
You block the slime creature's attack. x3
The acid blob hits you!!!
You are splashed with acid.
You resist. The acid blob hits you!!
* * * LOW HITPOINT WARNING * * *
The acid corrodes you!
You are splashed with acid.
You resist.
You are too injured to fight recklessly!
You are too injured to fight recklessly!
You are too injured to fight recklessly!
You are too injured to fight recklessly!
You are too injured to fight recklessly!
You feel much better. The slime creature misses you. The acid blob hits you!!
* * * LOW HITPOINT WARNING * * *
You are splashed with acid.
You resist.
* * * LOW HITPOINT WARNING * * *
The slime creature misses you. The slime creature hits you!
* * * LOW HITPOINT WARNING * * *
You block the acid blob's attack.
You feel much better.
The acid blob jiggles.
The acid blob spits acid at you. The splash of acid hits you. You resist.
* * * LOW HITPOINT WARNING * * *
You are splashed with acid.
You resist. You block the slime creature's attack.
The slime creature misses you. The acid blob spits acid at you.
The splash of acid hits you. You resist.
* * * LOW HITPOINT WARNING * * *
You are splashed with acid.
You resist. The slime creature misses you.
Your green death gestures at the slime creature.
The bolt of poison hits the slime creature!
The slime creature is poisoned.
The bolt of poison hits the acid blob!
The acid blob hits you!
* * * LOW HITPOINT WARNING * * *
You are splashed with acid.
You resist.
You feel much better. You block the acid blob's attack.
You block the slime creature's attack.
The slime creature hits your green death!!
The slime creature barely misses you. The acid blob spits acid at you.
The splash of acid hits you. You resist.
* * * LOW HITPOINT WARNING * * *
You are splashed with acid!
You resist.
* * * LOW HITPOINT WARNING * * *
Your green death hits the slime creature!!
The slime creature dies!
Makhleb accepts your kill. The acid blob spits acid at you.
The splash of acid hits you. You resist.
* * * LOW HITPOINT WARNING * * *
You are splashed with acid.
You resist.
* * * LOW HITPOINT WARNING * * *
You feel much better. You block the slime creature's attack.
The slime creature hits you!!
* * * LOW HITPOINT WARNING * * *
The acid blob spits acid at you. The splash of acid hits you. You resist.
* * * LOW HITPOINT WARNING * * *
The acid corrodes you!
You are splashed with acid!
You resist.
* * * LOW HITPOINT WARNING * * *
The acid blob barely misses you.
Your green death hits the slime creature!!
Your magical essence is drained by the effort!
You feel much better. You block the slime creature's attack.
The slime creature hits your green death.
The acid blob spits acid at you. The splash of acid hits you! You resist.
* * * LOW HITPOINT WARNING * * *
You are splashed with acid.
You resist.
* * * LOW HITPOINT WARNING * * *
The acid blob spits acid at you. The splash of acid hits you. You resist.
* * * LOW HITPOINT WARNING * * *
You are splashed with acid!
You resist.
* * * LOW HITPOINT WARNING * * *
Your green death hits the slime creature!
The slime creature dies!
Makhleb accepts your kill.
You feel much better. The slime creature hits you!
* * * LOW HITPOINT WARNING * * *
The acid blob hits you!
* * * LOW HITPOINT WARNING * * *
You are splashed with acid.
You resist.
* * * LOW HITPOINT WARNING * * *
The acid blob hits you!!
You die...

* * * * ### * ## , ,
.## ##.# ##* ... *
...###...#.##.... * *
....#...#........ *
***...#.............,
, *
*,*.........<.......
, * ........J........
, , *
*.......@J...>.... ,
,......2.J........, ,
* ,.................
, ,
,,.........#...#...,,
, ,
,,.......##........,
, * , .......
........ ** * ,
#...... *...##.. , *
* , ##..... ..., , ,
** , , ,* * , ,


You could see 2 acid blobs, a slime creature and a friendly green death.

Vanquished Creatures
  Jorgrun (D:14)
  4 acid blobs
  Frances (D:14)
  Gastronok (Lair:3)
  Kirke (D:14)
  2 thorn hunters (Swamp:4)
  Donald (Snake:3)
  4 nagarajas
  2 vault wardens (Vaults:1)
  4 ironheart preservers
  The ghost of KennyOmg the Severer, a journeyman MiBe of Trog (D:14)
  Nessos (D:13)
  Snorg (D:10)
  A blizzard demon (D:14)
  A yaktaur captain (Vaults:1)
  2 green deaths (Swamp:4)
  Josephine (D:10)
  A fire dragon (D:12)
  6 ogre magi
  11 naga warriors
  2 great orbs of eyes
  15 hydras
  An ice dragon (Vaults:1)
  20 two-headed ogres
  A ghost crab (Swamp:2)
  Erica (D:9)
  6 anacondas
  3 centaur warriors
  2 alligators
  2 deep troll shamans (Vaults:1)
  7 death yaks
  2 deep troll earth magi (Vaults:1)
  Urug (D:10)
  7 naga sharpshooters
  3 shock serpents
  A salamander mystic (Snake:3)
  A fire crab (Lair:4)
  2 glowing orange brains
  3 swamp dragons
  4 unseen horrors
  A wizard (D:12)
  2 ironbrand convokers (Vaults:1)
  A spriggan druid (Swamp:2)
  A deep troll (Vaults:1)
  3 naga ritualists
  An orc knight (Vaults:1)
  2 orc sorcerers
  7 mana vipers
  17 ugly things
  A manticore (D:14)
  A shining eye (Slime:1)
  A cyclops (D:13)
  3 oklob plants (Lair:6)
  10 salamanders
  An elephant (Lair:3)
  5 guardian serpents
  Maurice (D:10)
  21 naga magi
  21 black mambas
  An eye of devastation (Slime:1)
  2 vault sentinels (Vaults:1)
  2 centaur zombies (D:14)
  A gargoyle (D:13)
  12 spiny frogs
  2 orange demons (Swamp:4)
  2 kobold demonologists (D:11)
  7 yaktaurs (Vaults:1)
  An efreet (D:13)
  9 komodo dragons
  2 rime drakes (D:14)
  A freezing wraith (D:14)
  An ice devil (D:14)
  6 trolls
  8 polar bears
  5 tyrant leeches
  4 hornets
  A harpy skeleton (D:14)
  11 blink frogs
  A wolf spider simulacrum (D:13)
  Prince Ribbit (D:6)
  2 bog bodies
  35 slime creatures
  A dream sheep (Lair:6)
  A blink frog (shapeshifter) (D:12)
  9 hippogriffs
  3 centaur simulacra
  12 spriggans (Lair:6)
  2 water elementals (D:12)
  A human (shapeshifter) (D:14)
  A wyvern (D:13)
  27 yaks
  4 shadows
  2 basilisks
  8 wraiths
  4 fire bats (D:12)
  5 hogs (D:14)
  2 steam dragons
  3 hungry ghosts
  2 acid dragons
  3 wargs
  24 nagas
  6 swamp worms
  5 porcupines
  14 water moccasins
  Duvessa (D:6)
  2 swamp drakes
  A black bear (Lair:6)
  3 ice beasts
  12 orc warriors
  5 sky beasts
  A meliai simulacrum (D:14)
  3 phantoms
  2 necrophages
  25 wolves
  An eye of draining (D:13)
  34 ogres
  5 boggarts (Lair:6)
  13 centaurs
  10 crocodiles
  10 bullfrogs
  4 big kobolds
  A wyvern zombie (D:12)
  Dowan (D:6)
  3 scorpions
  13 killer bees
  8 wights
  3 electric eels (D:12)
  17 crimson imps
  2 bullfrog zombies (D:13)
  7 hounds
  11 orc priests
  3 bullfrog skeletons
  2 jellies
  5 iguanas
  12 orc wizards
  2 centaur skeletons
  11 worker ants
  4 hell rats (Lair:3)
  A bullfrog simulacrum (D:13)
  A hound zombie (D:6)
  A hound skeleton (D:7)
  Robin (D:3)
  12 adders
  5 river rats (Lair:3)
  3 shadow imps
  3 white imps (D:13)
  3 ufetubi (D:13)
  An adder skeleton (D:8)
  A worm (D:2)
  11 dart slugs
  5 leopard geckos
  66 orcs
  2 giant cockroaches
  10 hobgoblins
  12 jackals
  21 kobolds
  5 quokkas
  A ball python (D:4)
  5 bats
  2 frilled lizards
  A giant cockroach zombie (D:5)
  8 goblins
  A jackal skeleton (D:4)
  2 quokka skeletons
  10 rats
  2 fungi (Lair:2)
  2 plants
922 creatures vanquished.

Vanquished Creatures (collateral kills)
  the Lernaean hydra (Swamp:4)
  Rupert (D:14)
  4 hydras (Swamp:4)
  A death knight (D:14)
  4 thrashing horrors (Swamp:4)
  A skeletal warrior (D:14)
  3 swamp dragons (Swamp:4)
  A phantasmal warrior (D:14)
  3 ugly things (Swamp:4)
  A salamander (Snake:3)
  An orange demon (Swamp:4)
  A rime drake (D:14)
  A freezing wraith (D:14)
  2 blink frogs (Lair:2)
  2 bog bodies (Swamp:4)
  7 slime creatures
  A centaur simulacrum (D:14)
  A wyvern (D:14)
  A yak (D:14)
  A basilisk (Lair:2)
  A naga (Snake:2)
  A meliai simulacrum (D:14)
  A wight (D:14)
  2 fungi (Lair:2)
43 creatures vanquished.

Vanquished Creatures (others)
  A spiny frog (Swamp:2)
  A yaktaur (Vaults:1)
  A shadow (D:13)
  A naga (Snake:4)
  An orc wizard (Orc:1)
  2 briar patches (Swamp:4)
  3 fungi
  3 plants
13 creatures vanquished.

Grand Total: 978 creatures vanquished

Notes
Turn   | Place    | Note
-------+----------+-------------------------------------------
     0 | D:1      | EnegeticOcto the Deep Dwarf Fighter began the quest for the
                  | Orb.
     0 | D:1      | Reached XP level 1. HP: 20/20 MP: 1/1
   188 | D:2      | Reached XP level 2. HP: 27/27 MP: 2/2
   382 | D:4      | Reached skill level 1 in Dodging
   382 | D:4      | Reached XP level 3. HP: 19/34 MP: 3/3
   439 | D:4      | Reached XP level 4. HP: 42/42 MP: 3/3
   580 | D:4      | Found a staircase to the Ecumenical Temple.
   591 | Temple   | Entered the Ecumenical Temple
  1343 | D:2      | Found a radiant altar of Vehumet.
  1494 | D:3      | Reached XP level 5. HP: 36/50 MP: 4/4
  1626 | D:3      | Noticed Robin
  1639 | D:3      | Killed Robin
  2113 | D:4      | Reached XP level 6. HP: 31/57 MP: 5/5
  2121 | D:4      | Found a shadowy altar of Dithmenos.
  2869 | D:5      | Entered Level 5 of the Dungeon
  2946 | D:5      | Reached XP level 7. HP: 41/66 MP: 6/6
  3185 | D:5      | Found a sacrificial altar of Ru.
  3421 | D:6      | Reached skill level 5 in Axes
  3531 | D:6      | Reached skill level 5 in Fighting
  3561 | D:6      | Noticed Prince Ribbit
  3571 | D:6      | Killed Prince Ribbit
  3571 | D:6      | Reached skill level 5 in Armour
  3571 | D:6      | Reached skill level 5 in Shields
  3571 | D:6      | Reached XP level 8. HP: 47/75 MP: 6/6
  3890 | D:6      | Noticed Duvessa
  3890 | D:6      | Noticed Dowan
  3901 | D:6      | Killed Duvessa
  3904 | D:6      | Killed Dowan
  4143 | D:7      | Found Econ Cuu's Gadget Shop.
  4239 | D:7      | Found a glowing golden altar of the Shining One.
  4280 | D:7      | Noticed a hippogriff
  4288 | D:7      | Killed a hippogriff
  4311 | D:7      | Gained mutation: You passively map the area around you.
                  | [Deep Dwarf growth]
  4311 | D:7      | Reached XP level 9. HP: 53/85 MP: 7/7
  4352 | D:7      | Found a hazy altar of Hepliaklqana.
  4491 | D:7      | Reached skill level 5 in Dodging
  4611 | D:7      | Found Baakaas's Antique Armour Emporium.
  4702 | D:7      | Noticed kae's ghost (novice FeEn)
  4717 | D:7      | Found a transporter.
  4721 | D:7      | Found a transporter.
  4765 | D:7      | Found Kisch's Magic Scroll Shoppe.
  4770 | D:7      | Bought a scroll of magic mapping for 38 gold pieces
  4770 | D:7      | Bought a scroll of immolation for 38 gold pieces
  5190 | D:7      | Found Tulick's Weapon Boutique.
  5269 | D:7      | Found a hide-covered altar of Uskayaw.
  5436 | D:8      | Noticed a centaur warrior
  5449 | D:8      | Killed a centaur warrior
  5449 | D:8      | Reached XP level 10. HP: 81/96 MP: 7/7
  5797 | D:8      | Found Bufalleu's Antique Weapon Boutique.
  5822 | D:8      | Bought a translucent war axe for 161 gold pieces
  5822 | D:8      | Identified the cursed +1 war axe of Asihabb {elec, rPois
                  | MR+ Str+4} (You bought it in a shop on level 8 of the
                  | Dungeon)
  5882 | D:8      | Found Nybigy Vose's Armour Shoppe.
  6000 | D:8      | Found a burning altar of Makhleb.
  6008 | D:8      | Became a worshipper of Makhleb the Destroyer
  6011 | D:8      | Found a basalt altar of Yredelemnul.
  6012 | D:8      | Found a snail-covered altar of Cheibriados.
  6013 | D:8      | Found a white marble altar of Elyvilon.
  6217 | D:9      | Reached skill level 1 in Invocations
  6233 | D:9      | Found a glowing golden altar of the Shining One.
  6234 | D:9      | Found Cygy's Hallowed Reliquary.
  6238 | D:9      | Noticed an angel
  6335 | D:9      | Noticed Erica
  6343 | D:9      | Killed Erica
  6502 | D:9      | Found a sparkling altar of Nemelex Xobeh.
  6603 | D:10     | Entered Level 10 of the Dungeon
  6673 | D:10     | Noticed Maurice
  6692 | D:10     | Killed Maurice
  6920 | D:10     | Noticed Urug
  6956 | D:10     | Killed Urug
  7047 | D:10     | Reached * piety under Makhleb
  7054 | D:10     | Noticed Josephine
  7058 | D:10     | Noticed Snorg
  7065 | D:10     | Reached XP level 11. HP: 67/104 MP: 9/9
  7067 | D:10     | Killed Josephine
  7067 | D:10     | Reached skill level 10 in Axes
  7092 | D:10     | Killed Snorg
  7092 | D:10     | Reached skill level 5 in Invocations
  7374 | D:11     | Noticed a two-headed ogre
  7378 | D:11     | Killed an unseen horror
  7382 | D:11     | Noticed a green ugly thing
  7394 | D:11     | Reached ** piety under Makhleb
  7398 | D:11     | Killed a green ugly thing
  7398 | D:11     | Killed a two-headed ogre
  7645 | D:11     | Found a staircase to the Lair.
  7762 | D:12     | Killed an unseen horror
  7788 | D:12     | Noticed a wizard
  7794 | D:12     | Killed a wizard
  7794 | D:12     | Reached XP level 12. HP: 116/116 MP: 9/9
  7903 | D:12     | Reached *** piety under Makhleb
  7991 | D:12     | Reached skill level 10 in Fighting
  8009 | D:12     | Noticed a fire dragon
  8010 | D:12     | Found the +7 great mace "Firestarter" {inner flame, rF++}
  8033 | D:12     | Killed a fire dragon
  8506 | D:12     | Found a staircase to the Orcish Mines.
  8668 | D:13     | Reached **** piety under Makhleb
  8678 | D:13     | Noticed a centaur warrior
  8691 | D:13     | Killed a centaur warrior
  8766 | D:13     | Noticed Nessos
  8785 | D:13     | Killed Nessos
  8904 | D:13     | Noticed a death yak
  8919 | D:13     | Killed a death yak
  8938 | D:13     | Found a portal to a secret trove of treasure.
  8980 | D:13     | Noticed an ironheart preserver
  8982 | D:13     | Found a gate to the Vaults.
  8991 | D:13     | Killed an ironheart preserver
  8991 | D:13     | Reached skill level 10 in Invocations
  8991 | D:13     | Reached XP level 13. HP: 124/124 MP: 10/10
  9644 | D:14     | Noticed Frances
  9664 | D:14     | Killed Frances
  9664 | D:14     | Reached ***** piety under Makhleb
  9838 | D:14     | Noticed Jorgrun
  9856 | D:14     | Killed Jorgrun
  9941 | D:14     | Found a runed translucent gate.
  9941 | D:14     | Found a runed translucent gate.
  9941 | D:14     | Found a runed translucent gate.
  9974 | D:14     | Noticed Kirke
  9997 | D:14     | Killed Kirke
  9997 | D:14     | Reached skill level 10 in Shields
 10116 | D:14     | Noticed Rupert
 10129 | D:14     | Reached skill level 10 in Armour
 10131 | D:14     | Killed Rupert
 10237 | D:14     | Gained mutation: You resist negative energy. (rN+) [Deep
                  | Dwarf growth]
 10237 | D:14     | Reached XP level 14. HP: 113/135 MP: 10/10
 10314 | D:14     | Noticed KennyOmg's ghost (journeyman MiBe)
 10654 | D:14     | Killed KennyOmg's ghost
 10681 | D:14     | Got the ring "Loun" {Fire}
 10683 | D:14     | Identified the ring "Loun" {Fire Int+5 Dex+4} (You found it
                  | on level 14 of the Dungeon)
 10762 | Lair:1   | Entered Level 1 of the Lair of Beasts
 11190 | Lair:2   | Found a staircase to the Swamp.
 11729 | Lair:3   | Found a staircase to the Snake Pit.
 11769 | Lair:3   | Noticed Gastronok
 11791 | Lair:3   | Killed Gastronok
 11791 | Lair:3   | Reached skill level 10 in Dodging
 12636 | Lair:4   | Reached ****** piety under Makhleb
 13796 | Snake:1  | Entered Level 1 of the Snake Pit
 13853 | Snake:1  | Reached XP level 15. HP: 130/146 MP: 0/13
 14091 | Snake:3  | Noticed Donald
 14125 | Snake:3  | Killed Donald
 14160 | Snake:3  | Identified the cursed +1 hunting sling "Dragonbane" {speed,
                  | rPois Str+3 Dex+3 Stlth-}
 14174 | Snake:3  | Noticed a nagaraja
 14185 | Snake:3  | Killed a nagaraja
 14271 | Snake:4  | Entered Level 4 of the Snake Pit
 14299 | Snake:4  | Reached skill level 15 in Axes
 14350 | Snake:4  | Noticed a nagaraja
 14350 | Snake:4  | Noticed a nagaraja
 14350 | Snake:4  | Noticed a nagaraja
 14350 | Snake:4  | Noticed a nagaraja
 14351 | Snake:4  | Noticed a nagaraja
 14351 | Snake:4  | Noticed a nagaraja
 14355 | Snake:4  | Noticed a nagaraja
 14360 | Snake:4  | Got a serpentine rune of Zot
 14392 | Snake:4  | Killed a nagaraja
 14392 | Snake:4  | Killed a nagaraja
 14392 | Snake:4  | Killed a nagaraja
 14392 | Snake:4  | Reached XP level 16. HP: 148/157 MP: 13/13
 14392 | Snake:4  | Reached skill level 15 in Invocations
 14614 | Swamp:1  | Entered Level 1 of the Swamp
 14762 | Swamp:4  | Entered Level 4 of the Swamp
 14767 | Swamp:4  | Noticed a thorn hunter
 14793 | Swamp:4  | Killed a thorn hunter
 15013 | Swamp:4  | Noticed a thorn hunter
 15021 | Swamp:4  | Killed a thorn hunter
 15130 | Swamp:4  | Noticed an Executioner
 15130 | Swamp:4  | Noticed the 27-headed Lernaean hydra
 15151 | Swamp:4  | Killed the 27-headed Lernaean hydra
 15178 | Swamp:4  | Got a decaying rune of Zot
 15871 | Lair:6   | Entered Level 6 of the Lair of Beasts
 16155 | Lair:6   | Reached XP level 17. HP: 166/166 MP: 13/13
 16385 | Lair:6   | Identified a scroll of acquirement
 16386 | Lair:6   | Identified the +1 ring mail of Jujo {rN+ Str+3 Int-3} (You
                  | acquired it on level 6 of the Lair of Beasts)
 16589 | Orc:1    | Entered Level 1 of the Orcish Mines
 16620 | Orc:2    | Entered Level 2 of the Orcish Mines
 16681 | Orc:2    | Found a staircase to the Elven Halls.
 16750 | Orc:2    | Found Taifecw's Distillery.
 16760 | Orc:2    | Found Itufisol's Weapon Shoppe.
 16760 | Orc:2    | Found Dura's Weapon Boutique.
 16760 | Orc:2    | Found Rysmech's Distillery.
 16769 | Orc:2    | Bought a potion of cancellation for 104 gold pieces
 16769 | Orc:2    | Bought a potion of mutation for 104 gold pieces
 16769 | Orc:2    | Bought a potion of might for 52 gold pieces
 16770 | Orc:2    | Bought a potion of heal wounds for 80 gold pieces
 16770 | Orc:2    | Bought a potion of heal wounds for 80 gold pieces
 16892 | Vaults:1 | Entered Level 1 of the Vaults
 17772 | Lair:6   | Found a staircase to the Slime Pits.
 17918 | Slime:1  | Entered Level 1 of the Pits of Slime
 17957 | Slime:1  | Noticed an acid blob
 17961 | Slime:1  | Noticed an acid blob
 17974 | Slime:1  | Killed an acid blob
 17980 | Slime:1  | Killed an acid blob
 17986 | Slime:1  | Noticed an acid blob
 18000 | Slime:1  | Killed an acid blob
 18000 | Slime:1  | Gained mutation: You passively map a large area around you.
                  | [Deep Dwarf growth]
 18000 | Slime:1  | Reached XP level 18. HP: 152/177 MP: 14/14
 18091 | Slime:2  | HP: 7/177 [slime creature (15)]
 18092 | Slime:2  | HP: 1/177 [acid blob (15)]
 18096 | Slime:2  | Slain by an acid blob

Levels and vault maps discovered:
D:1:      dpeg_arrival_short_road, layout_basic, minmay_octomino_e4
D:2:      layout_basic, lemuel_crystal_altar
D:3:      layout_loops_ring, lexackson_kobold_supper, uniq_robin
D:4:      layout_layer_cave, kennysheep_little_box,
          minmay_temple_entry_overgrown, first_ration
D:5:      kennysheep_slugbush, layout_rooms, old_standard_altar
D:6:      layout_gridville, kennysheep_generic_room_4, uniq_prince_ribbit1,
          uniq_duvessa
D:7:      minmay_razor_zed, layout_basic, nicolae_overflow_hidden_temple,
          lemuel_crystal_altar, serial_shops, shop, shop, shop, shop,
          gammafunk_ghost_hive, grunt_ogre_cave, roderic_roman_lattice,
          nicolae_tso_swordbearing_angel
D:8:      minmay_chambers_of_sixes, layout_gridville, minitemple, serial_shops,
          shop, nicolae_shop_trees
D:9:      layout_roguey, kennysheep_mini_moat, nicolae_good_shop, uniq_erica
D:10:     layout_loops_cross, kennysheep_crisscross, uniq_josephine,
          uniq_maurice, uniq_urug, uniq_snorg
D:11:     layout_cave_pools, david_lair_shrubbed
D:12:     minmay_firetagon, layout_irregular_city, erik_orc_2,
          minmay_misc_feat_secret_circle
D:13:     layout_basic, skrybe_vaults_entry_preservation, enter_trove_0,
          serial_ice, serial_ice_n, serial_ice_o, serial_ice_c, serial_ice_b,
          serial_ice_k, serial_ice_m, chequers_serial_rivers_small_b,
          minmay_misc_feat_alley, uniq_nessos
D:14:     layout_cave_pods, gammafunk_ghost_icy, minmay_misc_feat_rows,
          uniq_frances, uniq_jorgrun, uniq_rupert, uniq_kirke
Temple:   hc_temple_tempest_star
Lair:1:   layout_regular_city, minmay_lair_oklob_chamber
Lair:2:   layout_regular_city, skrybe_swamp_entry_bodies
Lair:3:   layout_cave_pods, minmay_snake_entry_spellcaster,
          kennysheep_abandoned_house, lemuel_fruit_tree, uniq_gastronok
Lair:4:   layout_small_grid, lemuel_fruit_fields, serial_bayou_shore_b,
          grunt_megastairs_1, lemuel_fruit_fields, serial_bayou_shore_b
Lair:5:   layout_misc_corridors, chequers_serial_rivers_large_a
Lair:6:   minmay_lair_end_enchanted_forest, layout_misc_corridors,
          minmay_slime_entry_oklob_open
Swamp:1:  layout_basic_swamp, portal_ice_cave_entry_pillars_2,
          evilmike_swamp_ruin_house_5
Swamp:2:  layout_basic_swamp, nicolae_swamp_dense_foliage,
          hangedman_swamp_lotus, infiniplex_staircase_pool
Swamp:3:  layout_basic_swamp, evilmike_swamp_ruin_house_3, st_swamp_ruins_1,
          infiniplex_staircase_pool_2
Swamp:4:  swamp_vile, layout_basic_swamp
Snake:1:  layout_misc_corridors, nicolae_snake_linked_coils, grunt_megastairs_2
Snake:2:  gammafunk_sealed_library, layout_basic, drop_trap, minmay_shop_grove
Snake:3:  layout_misc_corridors, st_stairs_1, uniq_donald
Snake:4:  snake_pit, layout_cave_shapes, grunt_megastairs_4
Slime:1:  layout_caves, cheibrodos_slime_lost_civilization_5
Slime:2:  cheibrodos_slime_lost_civilization_9, layout_caves
Orc:1:    layout_caves, serial_shops, shop_fountains
Orc:2:    st_orc_ogre_mass, layout_diamond_mine, nicolae_alphabet_shops
Vaults:1: ebering_vaults_ghost_inner_flame, v_misc_27, vaults_mumra_hex,
          v_misc_24, vaults_room_corners, hangedman_vaults_river_flow,
          nicolae_vaults_little_squares_2, ontoclasm_vaults_spin,
          nicolae_vaults_angled_halls, vaults_room_pools, layout_vaults_omnigrid
Vaults:2: ebering_vaults_ghost_gozag, v_misc_23,
          hangedman_vaults_stretched_pinwheel, ontoclasm_vaults_chip,
          vaults_mumra_minichess, vaults_dpeg_encased_lava, vaults_room_pools,
          hangedman_vaults_cutoff, layout_vaults_big_room

Skill      XL: |  1  2  3  4  5  6  7  8  9 10 11 12 13 14 15 16 17 18 |
---------------+-------------------------------------------------------+-----
Fighting       | 3 4 5 6 7 8 9 10 11 12 13 14 | 14.9
Dodging        | 1 2 3 4 6 7 8 9 10 11 12 | 12.6
Axes           | 3 4 5 7 8 9 11 12 13 14 15 16 17 | 17.0
Shields        | 4 5 6 7 8 9 10 11 12 13 | 13.0
Armour         | 4 5 6 7 8 9 10 11 12 | 12.9
Invocations    | 4 7 10 11 13 14 16 17 | 17.5

Action                   |  1- 3 |  4- 6 |  7- 9 | 10-12 | 13-15 | 16-18 || total
-------------------------+-------+-------+-------+-------+-------+-------++-------
Melee: War axe           |    47 |   168 |   119 |   460 |   385 |       ||  1179
       Hand axe          |       |       |   189 |    40 |       |       ||   229
       Broad axe         |       |       |       |       |   507 |   831 ||  1338
Throw: Throwing net      |       |       |       |     2 |       |       ||     2
Invok: Lesser Servant of |       |       |       |       |    10 |     3 ||    13
       Greater Servant o |       |       |       |       |       |     9 ||     9
 Abil: Heal Wounds       |     1 |     2 |     9 |    29 |    18 |    15 ||    74
Evoke: Wand              |       |       |       |    12 |       |     1 ||    13
  Use: Scroll            |       |     7 |     2 |    14 |    13 |     9 ||    45
       Potion            |       |       |       |     2 |     2 |     2 ||     6
 Stab: Sleeping          |       |       |       |    12 |       |       ||    12
       Distracted        |       |       |       |       |     5 |     2 ||     7
  Eat: Chunk             |       |     6 |     9 |     6 |    15 |     8 ||    44
       Ration            |       |       |       |     5 |     1 |     4 ||    10
Armor: Scale mail        |    20 |    79 |   108 |   187 |       |       ||   394
       Plate armour      |       |       |       |    90 |   573 |   467 ||  1130
       Acid dragon scale |       |       |       |       |       |    10 ||    10
Dodge: Dodged            |    17 |    75 |   105 |   324 |   444 |   431 ||  1396
Block: Kite shield       |    27 |   108 |   173 |   412 |   994 |   864 ||  2578
       Reflection        |       |       |       |       |    59 |    34 ||    93

Table legend:
 A = Non-vault XP
 B = Vault XP
 C = Vault XP percentage of total XP
 D = Non-vault monster count
 E = Vault monster count
 F = Vault count percentage of total count
                 A         B        C        D         E       F
            +---------+---------+-------+---------+---------+-------
      Total |  188616 |  107078 |  36.2 |     655 |     308 |  32.0
            +---------+---------+-------+---------+---------+-------
        D:1 |       9 |       0 |   0.0 |       6 |       0 |   0.0
        D:2 |      51 |       0 |   0.0 |      15 |       0 |   0.0
        D:3 |     131 |      45 |  25.6 |      20 |      17 |  45.9
        D:4 |     265 |       0 |   0.0 |      14 |       0 |   0.0
        D:5 |     337 |      36 |   9.7 |      23 |       9 |  28.1
        D:6 |    1125 |     496 |  30.6 |      24 |       3 |  11.1
        D:7 |    1286 |     867 |  40.3 |      23 |      11 |  32.4
        D:8 |    1205 |    1210 |  50.1 |      28 |       6 |  17.6
        D:9 |     591 |     923 |  61.0 |      16 |       1 |   5.9
       D:10 |     585 |    4244 |  87.9 |       6 |       8 |  57.1
       D:11 |    5953 |     361 |   5.7 |      40 |       1 |   2.4
       D:12 |    6199 |    2784 |  31.0 |      34 |      26 |  43.3
       D:13 |    5444 |    7133 |  56.7 |      32 |      27 |  45.8
       D:14 |   15823 |   15364 |  49.3 |      46 |      20 |  30.3
     Lair:1 |    2035 |       0 |   0.0 |       4 |       0 |   0.0
     Lair:2 |    3685 |     262 |   6.6 |      17 |       1 |   5.6
     Lair:3 |    3560 |    3391 |  48.8 |      17 |      18 |  51.4
     Lair:4 |   10723 |     107 |   1.0 |      29 |       1 |   3.3
     Lair:5 |    3213 |       0 |   0.0 |      10 |       0 |   0.0
     Lair:6 |   10760 |    9209 |  46.1 |      24 |      44 |  64.7
    Swamp:1 |    3014 |       0 |   0.0 |       4 |       0 |   0.0
    Swamp:2 |    6385 |       0 |   0.0 |      15 |       0 |   0.0
    Swamp:4 |   10006 |   15640 |  61.0 |      19 |      30 |  61.2
    Snake:1 |    4142 |    5555 |  57.3 |       7 |       9 |  56.2
    Snake:2 |   14926 |       0 |   0.0 |      30 |       0 |   0.0
    Snake:3 |   22853 |    2641 |  10.4 |      43 |       3 |   6.5
    Snake:4 |    4338 |   14584 |  77.1 |       9 |      22 |  71.0
    Slime:1 |   14627 |       0 |   0.0 |      29 |       0 |   0.0
    Slime:2 |    4255 |       0 |   0.0 |       9 |       0 |   0.0
      Orc:1 |    1707 |       0 |   0.0 |      14 |       0 |   0.0
      Orc:2 |    1097 |   17832 |  94.2 |      11 |      36 |  76.6
   Vaults:1 |   24245 |    4394 |  15.3 |      30 |      15 |  33.3
   Vaults:2 |    4041 |       0 |   0.0 |       7 |       0 |   0.0
            +---------+---------+-------+---------+---------+-------
